Map: Ruins of Seras

Players

Miltreta

  • Race: Terran Terran
  • League: Bronze

RGB - Winner!

  • Race: Protoss Protoss
  • League: Bronze

VOD

Have the link to the VOD?

Description

Time

  • Played on: March 16, 2016, 10:49 p.m.
  • Length: 8:44
Show
View Real Time Build Order
Export as new Build Order

Miltreta Terran 

Build Orders: Mech 

Get SALT Encoding   

  12  0:01  SCV  
  13  0:17  Supply Depot  
  13  0:18  SCV  
  14  0:29  Refinery  
  14  0:30  SCV  
  15  0:44  Barracks  
  15  0:47  SCV  
  16  1:00  SCV  
  17  1:13  SCV  
  17  1:17  Supply Depot  
  18  1:26  SCV  
  20  1:40  Marine  
  20  1:45  SCV  
  20  1:47  Factory  
  21  1:53  Refinery  
  21  1:58  SCV  
  21  2:00  Marine  
  23  2:11  SCV  
  24  2:20  Marine  
  25  2:28  Command Center  
  25  2:29  SCV  
  26  2:35  Hellion  
  28  2:56  Orbital Command  
  28  2:58  Hellion  
  30  3:03  Barracks Tech Lab  
  30  3:26  Stimpack  
  30  3:38  Marine  
  30  3:39  Widow Mine  
  33  3:59  Refinery  
  33  4:13  Widow Mine  
  35  4:20  SCV  
  35  4:21  SCV  
  37  4:34  Starport  
  37  4:39  Engineering Bay  
  37  4:44  Armory  
  37  4:48  Factory Reactor  
  37  5:12  SCV x2  
  39  5:24  Medivac  
  41  5:38  Factory  
  41  5:41  SCV  
  41  5:42  SCV  
  43  5:49  Supply Depot  
  43  5:51  Supply Depot  
  43  5:54  Supply Depot  
  43  6:01  Medivac  
  45  6:12  Thor  
  51  6:26  Missile Turret  
  51  6:29  Missile Turret  
  51  6:35  Factory Tech Lab  
  51  6:42  SCV x2  
  51  6:45  Barracks  
  51  6:46  Refinery  
  53  6:55  Supply Depot  
  53  6:58  Supply Depot  
  53  6:59  Thor  
  53  7:00  Supply Depot  
  59  7:10  Starport Tech Lab  
  59  7:11  Armory  
  59  7:22  Starport  
  59  7:30  Marine x2  
  59  7:31  Factory  
  39  7:59  Siege Tank  
  39  8:04  Marine  
  39  8:05  Marine  
Show
View Real Time Build Order
Export as new Build Order

RGB Protoss - Winner!

Build Orders:  

Get SALT Encoding   

  12  0:02  Probe (Chrono Boost)  
  13  0:13  Probe (Chrono Boost)  
  14  0:23  Probe (Chrono Boost)  
  14  0:26  Pylon  
  15  0:44  Probe (Chrono Boost)  
  16  0:50  Gateway  
  16  0:53  Assimilator  
  16  0:55  Probe (Chrono Boost)  
  17  1:05  Probe (Chrono Boost), Forge  
  18  1:16  Probe (Chrono Boost)  
  19  1:26  Assimilator, Probe (Chrono Boost)  
  20  1:37  Probe (Chrono Boost), Zealot  
  23  1:43  Cybernetics Core  
  23  1:48  Pylon  
  23  2:06  Probe (Chrono Boost)  
  24  2:11  Protoss Ground Weapons Level 1 (Chrono Boost)  
  24  2:18  Probe  
  24  2:20  Stalker  
  24  2:22  Warp Gate (Chrono Boost)  
  27  2:30  Probe  
  28  2:42  Probe  
  29  2:45  Pylon  
  29  2:54  Gateway, Probe  
  29  2:57  Gateway  
  30  3:03  Gateway  
  30  3:06  Probe  
  30  3:08  Pylon  
  30  3:15  Stalker  
  33  3:20  Probe  
  33  3:31  Twilight Council  
  33  3:32  Probe  
  34  3:44  Mothership Core  
  34  3:45  Zealot  
  38  3:49  Stalker  
  38  3:52  Zealot  
  42  4:39  Nexus  
  42  4:43  Pylon  
  42  4:46  Pylon  
  42  4:50  Pylon  
  42  4:56  Assimilator  
  42  5:01  Assimilator  
  42  5:07  Stalker x3  
  42  5:08  Stalker  
  50  5:17  Protoss Ground Weapons Level 2 (Chrono Boost)  
  50  5:26  Blink  
  50  5:46  Stalker  
  50  5:47  Stalker x2  
  56  5:50  Probe  
  57  6:01  Probe  
  58  6:04  Stalker  
  60  6:12  Probe  
  61  6:21  Stalker  
  63  6:34  Probe  
  63  6:35  Gateway  
  63  6:36  Gateway  
  64  6:42  Probe  
  64  6:44  Probe  
  64  6:45  Pylon  
  66  6:55  Probe x2  
  68  7:04  Stalker x2  
  68  7:05  Stalker x2  
  76  7:11  Probe  
  77  7:21  Probe  
  78  7:32  Probe  
  64  7:54  Stalker  
  64  7:55  Stalker x3  
Tags
 
Add a new tag
Caveats
  • Supply blocks, unpowered buildings, or Contaminate may cause inaccurate times.
  • Supply counts are checked every 10 seconds.